2751 views
Uploaded 2019-12-29 23:02:34
Game version 1.32.0.4
47:24 long 4on4 ladder game on (8)Northshire_LV
Saved by BEARAND
2751 views
Uploaded 2019-12-29 23:02:34
Game version 1.32.0.4
47:24 long 4on4 ladder game on (8)Northshire_LV


226 units @ 36.6k
/ 6.9k
205 buildings @ 18.6k
/ 10.5k


| Orb of Fire | 1 | 325 |
| Scroll of Regeneration | 1 | 100 |
| Potion of Mana | 1 | 200 |
| total: | 3 | 625g |
| Peasant | 19 | 1425 | / | 0 |
| Footman | 7 | 945 | / | 0 |
| Rifleman | 11 | 2255 | / | 330 |
| Gryphon Rider | 4 | 1120 | / | 280 |
| Knight | 1 | 245 | / | 60 |
| Priest | 2 | 270 | / | 20 |
| Mortar Team | 13 | 2340 | / | 910 |
| Goblin Shredder | 1 | 375 | / | 100 |
| total: | 58 | 8975g | / | 1700w |
| Scout Tower | 52 | 1560 | / | 1040 |
| Guard Tower | 3 | 210 | / | 150 |
| Altar of Kings | 1 | 180 | / | 50 |
| Farm | 16 | 1280 | / | 320 |
| Barracks | 2 | 320 | / | 120 |
| Blacksmith | 1 | 140 | / | 60 |
| Arcane Vault | 1 | 130 | / | 30 |
| Lumber Mill | 1 | 120 | / | 0 |
| Town Hall | 2 | 770 | / | 410 |
| Cannon Tower | 1 | 120 | / | 100 |
| Gryphon Aviary | 2 | 280 | / | 300 |
| Arcane Sanctum | 1 | 150 | / | 140 |
| Workshop | 3 | 420 | / | 420 |
| Keep | 1 | 320 | / | 210 |
| Castle | 1 | 360 | / | 210 |
| total: | 82 | 5350g | / | 2890w |
| 0:05 | Peasant |
| 0:05 | Peasant |
| 0:05 | Peasant |
| 0:10 | Altar of Kings |
| 0:23 | Farm |
| 0:38 | Barracks |
| 1:11 | Peasant |
| 1:11 | Peasant |
| 1:38 | Farm |
| 1:40 | Footman |
| 1:40 | Footman |
| 1:42 | Footman |
| 2:18 | Blacksmith |
| 2:29 | Storm Bolt |
| 3:00 | Footman |
| 3:00 | Footman |
| 3:05 | Farm |
| 3:36 | Thunder Clap |
| 3:50 | Arcane Vault |
| 4:04 | Farm |
| 5:17 | Farm |
| 5:20 | Farm |
| 5:42 | Rifleman |
| 5:42 | Rifleman |
| 5:42 | Rifleman |
| 5:42 | Rifleman |
| 5:42 | Rifleman |
| 5:47 | Barracks |
| 5:52 | Lumber Mill |
| 5:54 | Peasant |
| 5:54 | Peasant |
| 5:55 | Peasant |
| 5:55 | Peasant |
| 6:01 | Farm |
| 6:35 | Farm |
| 7:36 | Footman |
| 7:36 | Footman |
| 7:39 | Keep |
| 8:03 | Farm |
| 8:06 | Farm |
| 8:39 | Bash |
| 8:49 | Goblin Shredder |
| 10:11 | Gryphon Aviary |
| 10:15 | Gryphon Aviary |
| 10:45 | Town Hall |
| 11:04 | Farm |
| 11:54 | Farm |
| 12:26 | Black Arrow |
| 12:41 | Castle |
| 12:45 | Rifleman |
| 12:45 | Rifleman |
| 12:45 | Rifleman |
| 12:45 | Rifleman |
| 12:47 | Black Gunpowder |
| 13:09 | Farm |
| 13:11 | Farm |
| 14:19 | Peasant |
| 14:19 | Peasant |
| 14:19 | Peasant |
| 14:19 | Peasant |
| 15:06 | Rifleman |
| 15:06 | Rifleman |
| 15:14 | Farm |
| 15:29 | Scout Tower |
| 15:31 | Scout Tower |
| 15:34 | Scout Tower |
| 15:37 | Scout Tower |
| 15:39 | Scout Tower |
| 15:41 | Scout Tower |
| 16:11 | Town Hall |
| 16:36 | Scout Tower |
| 16:39 | Scout Tower |
| 16:42 | Scout Tower |
| 16:46 | Scout Tower |
| 16:47 | Scout Tower |
| 16:48 | Scout Tower |
| 16:49 | Scout Tower |
| 16:50 | Scout Tower |
| 16:51 | Scout Tower |
| 16:52 | Scout Tower |
| 16:52 | Scout Tower |
| 17:14 | Scout Tower |
| 17:15 | Scout Tower |
| 17:16 | Scout Tower |
| 17:16 | Scout Tower |
| 17:17 | Scout Tower |
| 17:18 | Scout Tower |
| 17:18 | Scout Tower |
| 17:25 | Guard Tower |
| 18:15 | Bash |
| 20:01 | Peasant |
| 20:01 | Peasant |
| 20:01 | Peasant |
| 20:02 | Peasant |
| 20:02 | Peasant |
| 20:02 | Peasant |
| 20:14 | Arcane Sanctum |
| 20:17 | Workshop |
| 20:19 | Farm |
| 20:25 | Gryphon Rider |
| 20:25 | Gryphon Rider |
| 20:25 | Gryphon Rider |
| 20:25 | Gryphon Rider |
| 20:41 | Knight |
| 23:26 | Cannon Tower |
| 24:24 | Priest |
| 24:24 | Priest |
| 24:29 | Mortar Team |
| 24:29 | Mortar Team |
| 24:42 | Scout Tower |
| 24:48 | Scout Tower |
| 24:49 | Scout Tower |
| 24:51 | Scout Tower |
| 24:52 | Scout Tower |
| 24:53 | Scout Tower |
| 24:54 | Scout Tower |
| 24:55 | Scout Tower |
| 24:57 | Scout Tower |
| 24:58 | Scout Tower |
| 24:59 | Scout Tower |
| 25:00 | Scout Tower |
| 25:02 | Scout Tower |
| 25:12 | Orb of Fire |
| 25:32 | Scroll of Regeneration |
| 27:30 | Scout Tower |
| 27:32 | Scout Tower |
| 27:34 | Scout Tower |
| 27:34 | Scout Tower |
| 27:35 | Scout Tower |
| 27:39 | Scout Tower |
| 27:40 | Scout Tower |
| 27:41 | Scout Tower |
| 27:41 | Scout Tower |
| 27:42 | Scout Tower |
| 27:44 | Scout Tower |
| 27:45 | Scout Tower |
| 27:46 | Scout Tower |
| 27:47 | Scout Tower |
| 27:48 | Scout Tower |
| 27:55 | Guard Tower |
| 30:49 | Potion of Mana |
| 32:48 | Workshop |
| 32:50 | Workshop |
| 33:02 | Mortar Team |
| 33:02 | Mortar Team |
| 33:03 | Mortar Team |
| 33:05 | Mortar Team |
| 33:05 | Mortar Team |
| 33:21 | Guard Tower |
| 33:47 | Fragmentation Shards |
| 34:23 | Mortar Team |
| 34:23 | Mortar Team |
| 34:23 | Mortar Team |
| 34:23 | Mortar Team |
| 34:24 | Mortar Team |
| 34:24 | Mortar Team |
| 38:09 | Storm Bolt |
| Right click | 2605 |
| Select | 285 |
| Select group | 188 |
| Assign group | 88 |
| Build/train/purchase | 85 |
| Resource trade | 40 |
| Use ability | 26 |
| Misc. action | 13 |
| Item give/drop | 6 |
| Minimap ping | 5 |
| Esc | 3 |
| Remove unit | 1 |
ERhammer
(3)
(47:18) : 


| Lesser Clarity Potion | 18 | 1260 |
| Scroll of Regeneration | 4 | 400 |
| Ivory Tower | 24 | 960 |
| Potion of Healing | 1 | 150 |
| Potion of Mana | 5 | 1000 |
| Staff of Sanctuary | 1 | 250 |
| Scroll of Town Portal | 2 | 700 |
| Boots of Speed | 3 | 750 |
| Circlet of Nobility | 2 | 350 |
| Periapt of Vitality | 1 | 325 |
| total: | 61 | 6145g |
| Peasant | 10 | 750 | / | 0 |
| Footman | 1 | 135 | / | 0 |
| Rifleman | 6 | 1230 | / | 180 |
| Mortar Team | 5 | 900 | / | 350 |
| Gryphon Rider | 3 | 840 | / | 210 |
| Goblin Shredder | 4 | 1500 | / | 400 |
| Chimaera | 3 | 990 | / | 210 |
| total: | 32 | 6345g | / | 1350w |
| Scout Tower | 17 | 510 | / | 340 |
| Guard Tower | 29 | 2030 | / | 1450 |
| Farm | 14 | 1120 | / | 280 |
| Altar of Kings | 1 | 180 | / | 50 |
| Barracks | 2 | 320 | / | 120 |
| Blacksmith | 1 | 140 | / | 60 |
| Arcane Vault | 3 | 390 | / | 90 |
| Town Hall | 3 | 1155 | / | 615 |
| Lumber Mill | 1 | 120 | / | 0 |
| Arcane Sanctum | 1 | 150 | / | 140 |
| Workshop | 3 | 420 | / | 420 |
| Gryphon Aviary | 7 | 980 | / | 1050 |
| Keep | 2 | 640 | / | 420 |
| Castle | 2 | 720 | / | 420 |
| Chimaera Roost | 6 | 840 | / | 1140 |
| total: | 59 | 6325g | / | 4305w |
| 0:03 | Peasant |
| 0:03 | Peasant |
| 0:03 | Peasant |
| 0:04 | Peasant |
| 0:04 | Peasant |
| 0:24 | Farm |
| 0:34 | Altar of Kings |
| 0:41 | Farm |
| 1:05 | Barracks |
| 1:16 | Peasant |
| 1:16 | Peasant |
| 1:38 | Farm |
| 1:41 | Peasant |
| 1:50 | Peasant |
| 1:54 | Blacksmith |
| 2:07 | Footman |
| 2:10 | Barracks |
| 2:33 | Thunder Clap |
| 2:51 | Arcane Vault |
| 3:26 | Rifleman |
| 3:29 | Farm |
| 3:30 | Rifleman |
| 4:32 | Storm Bolt |
| 4:38 | Town Hall |
| 5:00 | Goblin Shredder |
| 5:00 | Goblin Shredder |
| 5:20 | Lesser Clarity Potion |
| 5:22 | Scroll of Regeneration |
| 5:36 | Rifleman |
| 6:06 | Keep |
| 6:12 | Thunder Clap |
| 6:31 | Lumber Mill |
| 6:32 | Scroll of Regeneration |
| 6:33 | Lesser Clarity Potion |
| 6:39 | Rifleman |
| 6:50 | Farm |
| 7:29 | Arcane Vault |
| 7:51 | Black Gunpowder |
| 7:51 | Studded Leather Armor |
| 7:58 | Town Hall |
| 8:19 | Boots of Speed |
| 8:20 | Circlet of Nobility |
| 8:43 | Farm |
| 8:43 | Farm |
| 8:44 | Farm |
| 8:45 | Farm |
| 8:51 | Ivory Tower |
| 8:54 | Scroll of Town Portal |
| 8:59 | Ivory Tower |
| 9:01 | Guard Tower |
| 9:08 | Guard Tower |
| 9:14 | Lesser Clarity Potion |
| 9:27 | Ivory Tower |
| 9:27 | Ivory Tower |
| 9:30 | Siphon Mana |
| 9:33 | Ivory Tower |
| 9:38 | Goblin Shredder |
| 9:38 | Goblin Shredder |
| 9:42 | Improved Masonry |
| 9:43 | Castle |
| 9:50 | Peasant |
| 9:51 | Guard Tower |
| 9:53 | Rifleman |
| 10:01 | Farm |
| 10:01 | Farm |
| 10:14 | Ivory Tower |
| 10:15 | Ivory Tower |
| 10:20 | Boots of Speed |
| 10:20 | Periapt of Vitality |
| 10:25 | Guard Tower |
| 10:32 | Arcane Sanctum |
| 10:34 | Guard Tower |
| 10:35 | Guard Tower |
| 10:54 | Rifleman |
| 10:58 | Long Rifles |
| 11:07 | Refined Gunpowder |
| 11:16 | Ivory Tower |
| 11:16 | Ivory Tower |
| 11:24 | Guard Tower |
| 11:28 | Guard Tower |
| 11:51 | Reinforced Leather Armor |
| 12:03 | Magic Sentry |
| 12:09 | Workshop |
| 12:10 | Workshop |
| 12:10 | Workshop |
| 12:34 | Advanced Masonry |
| 12:49 | Scout Tower |
| 12:50 | Scout Tower |
| 12:51 | Scout Tower |
| 12:53 | Scout Tower |
| 12:54 | Scout Tower |
| 12:58 | Scout Tower |
| 12:59 | Scout Tower |
| 13:03 | Scout Tower |
| 13:04 | Scout Tower |
| 13:05 | Scout Tower |
| 13:07 | Scout Tower |
| 13:59 | Guard Tower |
| 14:00 | Flare |
| 14:00 | Fragmentation Shards |
| 14:02 | Guard Tower |
| 14:14 | Imbued Gunpowder |
| 14:15 | Dragonhide Armor |
| 14:57 | Mortar Team |
| 14:59 | Mortar Team |
| 15:13 | Imbued Masonry |
| 15:37 | Iron Plating |
| 16:07 | Farm |
| 16:08 | Farm |
| 16:09 | Farm |
| 16:58 | Storm Bolt |
| 17:36 | Mortar Team |
| 17:40 | Scroll of Regeneration |
| 17:41 | Ivory Tower |
| 17:45 | Ivory Tower |
| 17:45 | Ivory Tower |
| 18:00 | Lesser Clarity Potion |
| 18:10 | Iron Forged Swords |
| 18:16 | Gryphon Aviary |
| 18:16 | Gryphon Aviary |
| 18:17 | Gryphon Aviary |
| 18:18 | Gryphon Aviary |
| 18:39 | Guard Tower |
| 18:40 | Guard Tower |
| 20:05 | Steel Forged Swords |
| 20:05 | Steel Plating |
| 20:39 | Storm Hammers |
| 21:35 | Sorceress Adept Training |
| 21:36 | Priest Adept Training |
| 22:16 | Mithril Forged Swords |
| 22:39 | Lesser Clarity Potion |
| 22:39 | Lesser Clarity Potion |
| 22:43 | Scroll of Town Portal |
| 22:44 | Ivory Tower |
| 22:44 | Ivory Tower |
| 22:54 | Mithril Plating |
| 22:59 | Gryphon Aviary |
| 22:59 | Gryphon Aviary |
| 23:12 | Guard Tower |
| 24:16 | Gryphon Aviary |
| 24:38 | Ivory Tower |
| 24:46 | Barrage |
| 24:47 | Flying Machine Bombs |
| 24:47 | Flak Cannons |
| 25:00 | Ivory Tower |
| 25:00 | Ivory Tower |
| 25:00 | Potion of Healing |
| 25:05 | Potion of Mana |
| 25:44 | Guard Tower |
| 25:54 | Banish |
| 25:56 | Guard Tower |
| 27:01 | Animal War Training |
| 27:01 | Sundering Blades |
| 27:01 | Defend |
| 27:28 | Ivory Tower |
| 27:28 | Ivory Tower |
| 27:28 | Ivory Tower |
| 27:55 | Guard Tower |
| 28:18 | Storm Bolt |
| 28:25 | Arcane Vault |
| 28:57 | Town Hall |
| 29:01 | Ivory Tower |
| 29:01 | Ivory Tower |
| 29:16 | Guard Tower |
| 29:21 | Scout Tower |
| 29:22 | Scout Tower |
| 29:23 | Scout Tower |
| 29:24 | Scout Tower |
| 29:25 | Scout Tower |
| 29:26 | Scout Tower |
| 29:49 | Mortar Team |
| 29:52 | Mortar Team |
| 30:02 | Guard Tower |
| 30:06 | Lesser Clarity Potion |
| 30:06 | Lesser Clarity Potion |
| 30:11 | Guard Tower |
| 30:19 | Ivory Tower |
| 30:19 | Ivory Tower |
| 30:44 | Guard Tower |
| 30:53 | Lesser Clarity Potion |
| 30:56 | Lesser Clarity Potion |
| 31:05 | Guard Tower |
| 32:46 | Boots of Speed |
| 32:46 | Circlet of Nobility |
| 33:04 | Healing Spray |
| 33:50 | Lesser Clarity Potion |
| 34:51 | Siphon Mana |
| 35:01 | Potion of Mana |
| 35:36 | Lesser Clarity Potion |
| 35:36 | Lesser Clarity Potion |
| 38:43 | Gryphon Rider |
| 38:49 | Scroll of Regeneration |
| 38:51 | Lesser Clarity Potion |
| 38:54 | Lesser Clarity Potion |
| 39:07 | Staff of Sanctuary |
| 40:03 | Acid Bomb |
| 40:45 | Gryphon Rider |
| 41:08 | Gryphon Rider |
| 41:33 | Lesser Clarity Potion |
| 41:33 | Potion of Mana |
| 41:39 | Lesser Clarity Potion |
| 42:19 | Banish |
| 42:27 | Avatar |
| 42:32 | Potion of Mana |
| 42:55 | Lesser Clarity Potion |
| 43:23 | Chimaera Roost |
| 43:24 | Chimaera Roost |
| 43:26 | Chimaera Roost |
| 43:27 | Chimaera Roost |
| 43:55 | Potion of Mana |
| 44:34 | Chimaera Roost |
| 44:34 | Chimaera Roost |
| 45:05 | Strength of the Wild |
| 45:06 | Reinforced Hides |
| 45:08 | Corrosive Breath |
| 45:42 | Chimaera |
| 46:00 | Chimaera |
| 46:34 | Chimaera |
| Right click | 3165 |
| Select | 1073 |
| Select group | 831 |
| Build/train/purchase | 301 |
| Use ability | 176 |
| Misc. action | 101 |
| Assign group | 28 |
| Resource trade | 23 |
| Item give/drop | 10 |
| Esc | 2 |
| Minimap ping | 2 |



| Orb of Venom | 1 | 325 |
| Scroll of Town Portal | 1 | 350 |
| Periapt of Vitality | 1 | 325 |
| Boots of Speed | 2 | 500 |
| total: | 5 | 1500g |
| Wisp | 18 | 1080 | / | 0 |
| Huntress | 16 | 3120 | / | 320 |
| Glaive Thrower | 17 | 3570 | / | 1105 |
| Archer | 18 | 2340 | / | 180 |
| Druid of the Claw | 2 | 510 | / | 160 |
| Mountain Giant | 3 | 1050 | / | 300 |
| Goblin Zeppelin | 3 | 720 | / | 180 |
| total: | 77 | 12390g | / | 2245w |
| Altar of Elders | 1 | 180 | / | 50 |
| Moon Well | 9 | 1620 | / | 360 |
| Hunter's Hall | 1 | 210 | / | 100 |
| Ancient of War | 3 | 450 | / | 180 |
| Tree of Life | 1 | 340 | / | 185 |
| Ancient of Wonders | 1 | 90 | / | 30 |
| Ancient of Lore | 1 | 155 | / | 145 |
| Tree of Ages | 1 | 320 | / | 180 |
| Tree of Eternity | 1 | 330 | / | 200 |
| total: | 17 | 3045g | / | 1050w |
| 0:03 | Wisp |
| 0:06 | Altar of Elders |
| 0:13 | Wisp |
| 0:20 | Moon Well |
| 0:27 | Wisp |
| 0:44 | Wisp |
| 0:58 | Wisp |
| 1:19 | Wisp |
| 1:29 | Hunter's Hall |
| 1:38 | Ancient of War |
| 1:40 | Wisp |
| 1:54 | Moon Well |
| 2:14 | Trueshot Aura |
| 2:42 | Wisp |
| 2:43 | Huntress |
| 2:48 | Ultravision |
| 2:55 | Moon Well |
| 3:00 | Huntress |
| 3:06 | Strength of the Moon |
| 3:09 | Wisp |
| 3:22 | Huntress |
| 3:44 | Ancient of War |
| 4:09 | Huntress |
| 4:34 | Searing Arrows |
| 4:42 | Moon Armor |
| 4:44 | Tree of Ages |
| 4:59 | Huntress |
| 5:37 | Periapt of Vitality |
| 5:53 | Boots of Speed |
| 6:20 | Huntress |
| 6:46 | Trueshot Aura |
| 7:34 | Huntress |
| 7:35 | Huntress |
| 7:58 | Moon Glaive |
| 7:59 | Sentinel |
| 8:06 | Moon Well |
| 8:14 | Improved Strength of the Moon |
| 9:08 | Searing Arrows |
| 9:20 | Tree of Life |
| 9:23 | Huntress |
| 9:23 | Huntress |
| 9:26 | Wisp |
| 9:29 | Ancient of Lore |
| 9:58 | Glaive Thrower |
| 9:59 | Vorpal Blades |
| 10:00 | Glaive Thrower |
| 10:58 | Black Arrow |
| 11:06 | Goblin Zeppelin |
| 11:34 | Wisp |
| 11:34 | Wisp |
| 12:37 | Goblin Zeppelin |
| 12:44 | Glaive Thrower |
| 12:45 | Glaive Thrower |
| 13:26 | Improved Moon Armor |
| 13:52 | Archer |
| 13:52 | Archer |
| 14:21 | Moon Well |
| 14:27 | Goblin Zeppelin |
| 16:07 | Glaive Thrower |
| 16:08 | Glaive Thrower |
| 16:14 | Archer |
| 16:15 | Archer |
| 16:36 | Tree of Eternity |
| 16:38 | Archer |
| 16:38 | Archer |
| 16:43 | Wisp |
| 16:44 | Wisp |
| 16:44 | Wisp |
| 17:15 | Archer |
| 17:16 | Archer |
| 17:22 | Huntress |
| 17:23 | Huntress |
| 17:30 | Wisp |
| 17:48 | Life Drain |
| 18:14 | Improved Bows |
| 18:21 | Glaive Thrower |
| 18:22 | Glaive Thrower |
| 18:47 | Druid of the Claw |
| 18:54 | Strength of the Wild |
| 19:02 | Ancient of Wonders |
| 19:28 | Marksmanship |
| 19:35 | Moon Well |
| 22:09 | Huntress |
| 22:09 | Huntress |
| 22:10 | Huntress |
| 22:10 | Huntress |
| 22:11 | Glaive Thrower |
| 22:13 | Mountain Giant |
| 22:13 | Hardened Skin |
| 22:13 | Resistant Skin |
| 23:00 | Druid of the Claw |
| 23:26 | Archer |
| 23:27 | Archer |
| 23:44 | Archer |
| 23:45 | Archer |
| 24:01 | Archer |
| 24:01 | Archer |
| 24:10 | Ancient of War |
| 24:42 | Glaive Thrower |
| 24:43 | Glaive Thrower |
| 25:16 | Wisp |
| 25:16 | Wisp |
| 25:21 | Backpack |
| 25:22 | Nature's Blessing |
| 25:23 | Advanced Strength of the Moon |
| 25:26 | Mountain Giant |
| 25:40 | Moon Well |
| 25:42 | Moon Well |
| 25:42 | Moon Well |
| 26:16 | Evasion |
| 26:17 | Scroll of Town Portal |
| 27:08 | Mountain Giant |
| 27:10 | Reinforced Hides |
| 27:11 | Glaive Thrower |
| 27:13 | Glaive Thrower |
| 27:14 | Glaive Thrower |
| 28:15 | Archer |
| 29:08 | Trueshot Aura |
| 29:23 | Black Arrow |
| 30:29 | Archer |
| 30:29 | Archer |
| 30:30 | Archer |
| 31:39 | Life Drain |
| 32:12 | Advanced Moon Armor |
| 32:39 | Orb of Venom |
| 32:43 | Druid of the Claw Adept Training |
| 34:06 | Glaive Thrower |
| 34:07 | Glaive Thrower |
| 34:07 | Glaive Thrower |
| 34:10 | Well Spring |
| 36:20 | Boots of Speed |
| 38:29 | Starfall |
| Right click | 987 |
| Select | 824 |
| Select group | 166 |
| Build/train/purchase | 136 |
| Chat | 70 |
| Assign group | 39 |
| Use ability | 28 |
| Minimap ping | 8 |
| Remove unit | 4 |
| Misc. action | 3 |
| Item give/drop | 1 |


x1)
| Scroll of Regeneration | 1 | 100 |
| Lesser Clarity Potion | 1 | 70 |
| Ivory Tower | 3 | 120 |
| Scroll of Town Portal | 1 | 350 |
| Scroll of Protection | 1 | 150 |
| Tome of Retraining | 1 | 300 |
| total: | 8 | 1090g |
| Peasant | 23 | 1725 | / | 0 |
| Priest | 3 | 405 | / | 30 |
| Sorceress | 5 | 775 | / | 100 |
| Spell Breaker | 9 | 1935 | / | 270 |
| Siege Engine | 11 | 2145 | / | 660 |
| Mortar Team | 2 | 360 | / | 140 |
| Goblin Shredder | 1 | 375 | / | 100 |
| Goblin Zeppelin | 5 | 1200 | / | 300 |
| total: | 59 | 8920g | / | 1600w |
| Scout Tower | 22 | 660 | / | 440 |
| Arcane Tower | 5 | 350 | / | 250 |
| Guard Tower | 8 | 560 | / | 400 |
| Altar of Kings | 1 | 180 | / | 50 |
| Farm | 10 | 800 | / | 200 |
| Lumber Mill | 1 | 120 | / | 0 |
| Town Hall | 1 | 385 | / | 205 |
| Blacksmith | 3 | 420 | / | 180 |
| Arcane Vault | 1 | 130 | / | 30 |
| Arcane Sanctum | 3 | 450 | / | 420 |
| Workshop | 5 | 700 | / | 700 |
| Keep | 1 | 320 | / | 210 |
| Castle | 1 | 360 | / | 210 |
| total: | 47 | 3845g | / | 2225w |
| 0:04 | Peasant |
| 0:04 | Peasant |
| 0:04 | Peasant |
| 0:04 | Peasant |
| 0:18 | Altar of Kings |
| 0:24 | Farm |
| 0:36 | Peasant |
| 0:36 | Peasant |
| 0:37 | Peasant |
| 1:07 | Peasant |
| 1:07 | Peasant |
| 1:12 | Peasant |
| 1:29 | Peasant |
| 1:29 | Peasant |
| 1:33 | Farm |
| 1:47 | Peasant |
| 2:36 | Peasant |
| 2:36 | Peasant |
| 2:39 | Summon Water Elemental |
| 3:11 | Keep |
| 3:15 | Scout Tower |
| 3:22 | Lumber Mill |
| 3:33 | Scout Tower |
| 3:47 | Arcane Tower |
| 4:10 | Arcane Tower |
| 5:27 | Town Hall |
| 5:39 | Arcane Sanctum |
| 5:40 | Arcane Sanctum |
| 5:43 | Blacksmith |
| 5:46 | Arcane Sanctum |
| 5:49 | Brilliance Aura |
| 5:53 | Scout Tower |
| 6:23 | Arcane Tower |
| 6:44 | Improved Lumber Harvesting |
| 7:06 | Priest |
| 7:11 | Arcane Vault |
| 7:13 | Iron Forged Swords |
| 7:19 | Peasant |
| 7:19 | Peasant |
| 7:19 | Peasant |
| 7:19 | Peasant |
| 7:22 | Peasant |
| 7:30 | Magic Sentry |
| 7:51 | Priest Adept Training |
| 7:52 | Sorceress Adept Training |
| 7:53 | Sorceress |
| 8:35 | Peasant |
| 8:35 | Peasant |
| 8:37 | Farm |
| 8:38 | Farm |
| 8:53 | Farm |
| 8:55 | Farm |
| 8:57 | Sorceress |
| 8:59 | Peasant |
| 9:12 | Farm |
| 9:32 | Spell Breaker |
| 9:32 | Spell Breaker |
| 10:06 | Improved Masonry |
| 10:22 | Goblin Shredder |
| 10:29 | Priest |
| 11:27 | Castle |
| 11:33 | Scroll of Protection |
| 11:34 | Tome of Retraining |
| 11:34 | Retrain Hero |
| 11:56 | Flame Strike |
| 11:57 | Siphon Mana |
| 12:00 | Blizzard |
| 12:00 | Brilliance Aura |
| 12:26 | Workshop |
| 12:27 | Spell Breaker |
| 13:49 | Workshop |
| 13:50 | Workshop |
| 14:34 | Siege Engine |
| 14:35 | Siege Engine |
| 14:40 | Workshop |
| 14:42 | Black Gunpowder |
| 14:48 | Scroll of Regeneration |
| 14:49 | Lesser Clarity Potion |
| 14:49 | Scroll of Town Portal |
| 14:59 | Siege Engine |
| 15:03 | Siege Engine |
| 15:07 | Blacksmith |
| 15:31 | Scout Tower |
| 15:33 | Scout Tower |
| 15:34 | Scout Tower |
| 15:37 | Scout Tower |
| 15:39 | Scout Tower |
| 15:40 | Advanced Lumber Harvesting |
| 15:41 | Advanced Masonry |
| 15:53 | Scout Tower |
| 15:59 | Siege Engine |
| 16:03 | Scout Tower |
| 16:12 | Farm |
| 16:14 | Guard Tower |
| 16:15 | Scout Tower |
| 16:16 | Guard Tower |
| 16:22 | Guard Tower |
| 16:23 | Scout Tower |
| 16:24 | Scout Tower |
| 16:31 | Scout Tower |
| 16:35 | Guard Tower |
| 16:38 | Scout Tower |
| 16:54 | Farm |
| 16:55 | Farm |
| 18:02 | Goblin Zeppelin |
| 18:07 | Siege Engine |
| 18:08 | Siege Engine |
| 18:10 | Barrage |
| 18:30 | Goblin Zeppelin |
| 18:36 | Goblin Zeppelin |
| 18:41 | Siege Engine |
| 18:57 | Sorceress |
| 18:57 | Sorceress |
| 19:58 | Goblin Zeppelin |
| 21:03 | Siege Engine |
| 21:49 | Siege Engine |
| 22:12 | Spell Breaker |
| 22:16 | Goblin Zeppelin |
| 23:42 | Fragmentation Shards |
| 23:43 | Mortar Team |
| 23:43 | Mortar Team |
| 23:45 | Refined Gunpowder |
| 23:45 | Studded Leather Armor |
| 24:14 | Siege Engine |
| 24:44 | Spell Breaker |
| 24:52 | Ivory Tower |
| 24:52 | Ivory Tower |
| 24:52 | Ivory Tower |
| 25:02 | Scout Tower |
| 25:18 | Guard Tower |
| 25:21 | Scout Tower |
| 25:22 | Scout Tower |
| 26:29 | Guard Tower |
| 26:31 | Arcane Tower |
| 27:15 | Spell Breaker |
| 27:17 | Steel Forged Swords |
| 27:17 | Iron Plating |
| 27:21 | Workshop |
| 27:22 | Blacksmith |
| 27:56 | Scout Tower |
| 27:58 | Scout Tower |
| 28:21 | Imbued Gunpowder |
| 28:21 | Reinforced Leather Armor |
| 28:27 | Guard Tower |
| 28:29 | Arcane Tower |
| 28:32 | Scout Tower |
| 28:39 | Scout Tower |
| 28:48 | Flame Strike |
| 29:00 | Guard Tower |
| 30:19 | Spell Breaker |
| 30:20 | Spell Breaker |
| 30:23 | Spell Breaker |
| 32:18 | Sorceress |
| 32:19 | Priest |
| 32:20 | Priest Master Training |
| 32:20 | Sorceress Master Training |
| Right click | 1365 |
| Select | 992 |
| Build/train/purchase | 159 |
| Misc. action | 149 |
| Use ability | 93 |
| Select group | 51 |
| Esc | 23 |
| Assign group | 21 |
| Item give/drop | 4 |
| Minimap ping | 3 |
145 units @ 20k
/ 3.1k
466 buildings @ 27.6k
/ 15.4k



| Staff of Sanctuary | 3 | 750 |
| Boots of Speed | 3 | 750 |
| Staff of Teleportation | 4 | 600 |
| Periapt of Vitality | 2 | 650 |
| Healing Salve | 2 | 200 |
| Orb of Lightning | 2 | 750 |
| total: | 16 | 3700g |
| Peasant | 33 | 2475 | / | 0 |
| Priest | 1 | 135 | / | 10 |
| Goblin Shredder | 2 | 750 | / | 200 |
| total: | 36 | 3360g | / | 210w |
| Scout Tower | 130 | 3900 | / | 2600 |
| Arcane Tower | 6 | 420 | / | 300 |
| Guard Tower | 59 | 4130 | / | 2950 |
| Altar of Kings | 3 | 540 | / | 150 |
| Farm | 5 | 400 | / | 100 |
| Lumber Mill | 2 | 240 | / | 0 |
| Town Hall | 1 | 385 | / | 205 |
| Arcane Vault | 2 | 260 | / | 60 |
| Arcane Sanctum | 1 | 150 | / | 140 |
| Keep | 1 | 320 | / | 210 |
| Castle | 1 | 360 | / | 210 |
| total: | 144 | 5875g | / | 3255w |
| 0:02 | Peasant |
| 0:02 | Peasant |
| 0:07 | Altar of Kings |
| 0:11 | Altar of Kings |
| 0:18 | Farm |
| 0:35 | Peasant |
| 0:35 | Peasant |
| 0:45 | Peasant |
| 0:51 | Scout Tower |
| 1:00 | Peasant |
| 1:01 | Lumber Mill |
| 1:04 | Peasant |
| 1:10 | Peasant |
| 1:19 | Farm |
| 1:30 | Scout Tower |
| 1:43 | Arcane Tower |
| 1:47 | Peasant |
| 2:14 | Blizzard |
| 2:20 | Arcane Tower |
| 2:24 | Scout Tower |
| 2:39 | Scout Tower |
| 2:41 | Peasant |
| 2:41 | Peasant |
| 2:41 | Peasant |
| 2:41 | Peasant |
| 2:58 | Scout Tower |
| 3:02 | Scout Tower |
| 3:02 | Guard Tower |
| 3:12 | Guard Tower |
| 3:37 | Guard Tower |
| 3:39 | Scout Tower |
| 3:40 | Scout Tower |
| 3:40 | Scout Tower |
| 3:43 | Brilliance Aura |
| 3:52 | Peasant |
| 3:52 | Peasant |
| 3:58 | Peasant |
| 4:07 | Guard Tower |
| 4:08 | Guard Tower |
| 5:19 | Boots of Speed |
| 5:19 | Staff of Teleportation |
| 5:28 | Scout Tower |
| 5:29 | Scout Tower |
| 5:31 | Scout Tower |
| 5:34 | Town Hall |
| 5:43 | Arcane Vault |
| 5:47 | Improved Masonry |
| 6:04 | Staff of Teleportation |
| 6:11 | Guard Tower |
| 6:12 | Guard Tower |
| 6:18 | Healing Salve |
| 6:43 | Peasant |
| 6:43 | Peasant |
| 6:43 | Peasant |
| 6:44 | Peasant |
| 6:47 | Peasant |
| 7:28 | Goblin Shredder |
| 7:36 | Blizzard |
| 7:42 | Keep |
| 7:55 | Peasant |
| 7:59 | Scout Tower |
| 7:59 | Scout Tower |
| 8:29 | Scout Tower |
| 8:29 | Scout Tower |
| 9:24 | Guard Tower |
| 9:27 | Scout Tower |
| 9:29 | Scout Tower |
| 9:29 | Scout Tower |
| 9:30 | Scout Tower |
| 9:36 | Scout Tower |
| 9:42 | Scout Tower |
| 9:43 | Scout Tower |
| 9:43 | Scout Tower |
| 9:44 | Scout Tower |
| 10:00 | Guard Tower |
| 10:12 | Lumber Mill |
| 10:14 | Guard Tower |
| 10:18 | Guard Tower |
| 10:25 | Farm |
| 10:26 | Farm |
| 10:34 | Castle |
| 10:35 | Advanced Masonry |
| 10:36 | Improved Lumber Harvesting |
| 10:38 | Guard Tower |
| 10:51 | Guard Tower |
| 10:53 | Guard Tower |
| 11:31 | Storm Bolt |
| 11:41 | Guard Tower |
| 11:42 | Scout Tower |
| 11:43 | Scout Tower |
| 11:44 | Scout Tower |
| 11:44 | Scout Tower |
| 11:55 | Guard Tower |
| 11:56 | Scout Tower |
| 11:57 | Scout Tower |
| 11:59 | Scout Tower |
| 11:59 | Scout Tower |
| 12:01 | Scout Tower |
| 12:01 | Scout Tower |
| 12:03 | Arcane Sanctum |
| 12:05 | Boots of Speed |
| 12:05 | Staff of Teleportation |
| 12:43 | Guard Tower |
| 12:44 | Guard Tower |
| 13:01 | Guard Tower |
| 13:02 | Imbued Masonry |
| 13:38 | Healing Salve |
| 13:42 | Orb of Lightning |
| 14:01 | Holy Light |
| 14:02 | Staff of Sanctuary |
| 14:08 | Scout Tower |
| 14:08 | Scout Tower |
| 14:22 | Guard Tower |
| 14:25 | Boots of Speed |
| 14:25 | Staff of Teleportation |
| 14:26 | Periapt of Vitality |
| 14:48 | Magic Sentry |
| 14:49 | Priest |
| 14:49 | Priest Adept Training |
| 14:51 | Arcane Tower |
| 16:06 | Guard Tower |
| 16:25 | Staff of Sanctuary |
| 16:32 | Orb of Lightning |
| 16:43 | Scout Tower |
| 16:44 | Scout Tower |
| 16:45 | Scout Tower |
| 16:46 | Scout Tower |
| 17:25 | Guard Tower |
| 17:41 | Brilliance Aura |
| 18:07 | Scout Tower |
| 18:07 | Scout Tower |
| 18:08 | Scout Tower |
| 18:08 | Scout Tower |
| 18:08 | Scout Tower |
| 18:09 | Scout Tower |
| 18:09 | Scout Tower |
| 18:10 | Scout Tower |
| 18:32 | Guard Tower |
| 18:42 | Arcane Tower |
| 18:44 | Scout Tower |
| 18:45 | Scout Tower |
| 18:45 | Scout Tower |
| 19:42 | Peasant |
| 19:42 | Peasant |
| 19:42 | Peasant |
| 20:22 | Staff of Sanctuary |
| 20:57 | Guard Tower |
| 20:57 | Guard Tower |
| 20:58 | Arcane Vault |
| 21:35 | Divine Shield |
| 21:49 | Bash |
| 22:07 | Guard Tower |
| 22:09 | Altar of Kings |
| 22:11 | Farm |
| 22:38 | Scout Tower |
| 22:39 | Scout Tower |
| 22:51 | Peasant |
| 22:52 | Peasant |
| 22:52 | Peasant |
| 22:52 | Peasant |
| 22:52 | Peasant |
| 22:58 | Scout Tower |
| 22:59 | Scout Tower |
| 22:59 | Scout Tower |
| 22:59 | Scout Tower |
| 23:00 | Scout Tower |
| 23:00 | Scout Tower |
| 23:01 | Scout Tower |
| 23:01 | Scout Tower |
| 23:01 | Scout Tower |
| 23:02 | Scout Tower |
| 23:08 | Guard Tower |
| 23:16 | Scout Tower |
| 23:17 | Scout Tower |
| 23:18 | Scout Tower |
| 23:37 | Guard Tower |
| 23:40 | Guard Tower |
| 23:40 | Guard Tower |
| 23:50 | Guard Tower |
| 24:00 | Scout Tower |
| 24:00 | Scout Tower |
| 24:01 | Scout Tower |
| 24:01 | Scout Tower |
| 24:06 | Guard Tower |
| 24:32 | Peasant |
| 24:32 | Peasant |
| 24:32 | Peasant |
| 24:34 | Guard Tower |
| 24:40 | Scout Tower |
| 24:40 | Scout Tower |
| 24:41 | Scout Tower |
| 24:41 | Scout Tower |
| 24:42 | Scout Tower |
| 24:43 | Scout Tower |
| 24:57 | Guard Tower |
| 25:15 | Guard Tower |
| 25:22 | Scout Tower |
| 25:35 | Guard Tower |
| 25:38 | Guard Tower |
| 26:57 | Guard Tower |
| 27:00 | Guard Tower |
| 27:26 | Guard Tower |
| 27:27 | Scout Tower |
| 27:27 | Scout Tower |
| 28:10 | Goblin Shredder |
| 28:20 | Scout Tower |
| 28:20 | Scout Tower |
| 28:21 | Scout Tower |
| 28:21 | Scout Tower |
| 28:22 | Scout Tower |
| 28:22 | Scout Tower |
| 30:55 | Scout Tower |
| 30:56 | Scout Tower |
| 30:56 | Scout Tower |
| 30:56 | Scout Tower |
| 30:57 | Scout Tower |
| 30:57 | Scout Tower |
| 31:46 | Holy Light |
| 31:50 | Storm Bolt |
| 32:04 | Scout Tower |
| 32:05 | Scout Tower |
| 32:05 | Scout Tower |
| 32:06 | Scout Tower |
| 32:06 | Scout Tower |
| 32:07 | Scout Tower |
| 32:07 | Scout Tower |
| 32:08 | Scout Tower |
| 32:08 | Scout Tower |
| 32:09 | Scout Tower |
| 32:20 | Guard Tower |
| 32:49 | Guard Tower |
| 32:51 | Scout Tower |
| 32:52 | Scout Tower |
| 32:52 | Scout Tower |
| 32:52 | Scout Tower |
| 32:53 | Scout Tower |
| 32:53 | Scout Tower |
| 32:54 | Scout Tower |
| 32:54 | Scout Tower |
| 32:55 | Scout Tower |
| 33:04 | Guard Tower |
| 34:06 | Guard Tower |
| 34:45 | Guard Tower |
| 34:47 | Guard Tower |
| 35:35 | Scout Tower |
| 35:37 | Scout Tower |
| 35:38 | Scout Tower |
| 36:21 | Arcane Tower |
| 37:00 | Guard Tower |
| 37:31 | Blizzard |
| 37:55 | Bash |
| 38:58 | Scout Tower |
| 38:58 | Scout Tower |
| 38:59 | Scout Tower |
| 38:59 | Scout Tower |
| 39:00 | Scout Tower |
| 39:00 | Scout Tower |
| 39:37 | Divine Shield |
| 39:50 | Divine Shield |
| 39:58 | Guard Tower |
| 40:04 | Guard Tower |
| 40:06 | Scout Tower |
| 40:07 | Scout Tower |
| 40:07 | Scout Tower |
| 40:08 | Scout Tower |
| 40:43 | Guard Tower |
| 41:38 | Scout Tower |
| 41:39 | Scout Tower |
| 41:40 | Scout Tower |
| 41:40 | Scout Tower |
| 41:40 | Scout Tower |
| 41:41 | Scout Tower |
| 42:31 | Guard Tower |
| 42:36 | Guard Tower |
| 43:09 | Guard Tower |
| 43:25 | Periapt of Vitality |
| 43:35 | Guard Tower |
| 47:02 | Mass Teleport |
| 47:13 | Storm Bolt |
| Right click | 4809 |
| Select | 1297 |
| Select group | 551 |
| Build/train/purchase | 378 |
| Use ability | 205 |
| Chat | 79 |
| Minimap ping | 39 |
| Assign group | 21 |
| Misc. action | 18 |
| Item give/drop | 17 |
| Remove unit | 7 |
| Resource trade | 6 |
| Esc | 2 |


| Peasant | 10 | 750 | / | 0 |
| Footman | 2 | 270 | / | 0 |
| Priest | 3 | 405 | / | 30 |
| Gryphon Rider | 25 | 7000 | / | 1750 |
| Goblin Shredder | 1 | 375 | / | 100 |
| total: | 41 | 8800g | / | 1880w |
| Scout Tower | 38 | 1140 | / | 760 |
| Guard Tower | 33 | 2310 | / | 1650 |
| Altar of Kings | 1 | 180 | / | 50 |
| Lumber Mill | 2 | 240 | / | 0 |
| Farm | 11 | 880 | / | 220 |
| Barracks | 1 | 160 | / | 60 |
| Town Hall | 1 | 385 | / | 205 |
| Blacksmith | 1 | 140 | / | 60 |
| Arcane Sanctum | 1 | 150 | / | 140 |
| Gryphon Aviary | 1 | 140 | / | 150 |
| Keep | 1 | 320 | / | 210 |
| Castle | 1 | 360 | / | 210 |
| total: | 57 | 3415g | / | 1645w |
| 0:10 | Altar of Kings |
| 0:12 | Peasant |
| 0:12 | Peasant |
| 0:12 | Peasant |
| 0:13 | Peasant |
| 0:32 | Lumber Mill |
| 0:58 | Peasant |
| 1:17 | Farm |
| 1:26 | Farm |
| 2:22 | Scout Tower |
| 2:31 | Peasant |
| 2:50 | Scout Tower |
| 2:51 | Guard Tower |
| 3:04 | Scout Tower |
| 3:11 | Blizzard |
| 3:17 | Scout Tower |
| 3:18 | Guard Tower |
| 3:28 | Keep |
| 3:47 | Scout Tower |
| 3:50 | Guard Tower |
| 3:59 | Scout Tower |
| 4:22 | Guard Tower |
| 4:41 | Scout Tower |
| 4:52 | Barracks |
| 5:02 | Guard Tower |
| 5:51 | Scout Tower |
| 5:52 | Guard Tower |
| 5:54 | Guard Tower |
| 6:03 | Footman |
| 6:03 | Footman |
| 6:11 | Improved Lumber Harvesting |
| 6:20 | Farm |
| 6:23 | Guard Tower |
| 6:34 | Scout Tower |
| 7:41 | Farm |
| 7:47 | Scout Tower |
| 7:52 | Scout Tower |
| 8:01 | Guard Tower |
| 8:23 | Scout Tower |
| 8:25 | Guard Tower |
| 8:30 | Peasant |
| 8:30 | Peasant |
| 8:30 | Peasant |
| 8:31 | Peasant |
| 9:14 | Summon Water Elemental |
| 9:30 | Town Hall |
| 9:37 | Guard Tower |
| 9:39 | Scout Tower |
| 10:00 | Lumber Mill |
| 10:12 | Goblin Shredder |
| 10:32 | Scout Tower |
| 10:33 | Guard Tower |
| 10:59 | Storm Bolt |
| 11:03 | Scout Tower |
| 11:05 | Guard Tower |
| 11:16 | Castle |
| 11:20 | Scout Tower |
| 12:02 | Scout Tower |
| 12:03 | Guard Tower |
| 12:09 | Scout Tower |
| 12:32 | Guard Tower |
| 12:53 | Scout Tower |
| 12:54 | Guard Tower |
| 12:57 | Scout Tower |
| 13:24 | Scout Tower |
| 13:25 | Guard Tower |
| 13:26 | Guard Tower |
| 13:29 | Scout Tower |
| 14:18 | Scout Tower |
| 14:20 | Guard Tower |
| 14:23 | Guard Tower |
| 14:24 | Scout Tower |
| 14:32 | Advanced Lumber Harvesting |
| 14:59 | Guard Tower |
| 15:01 | Guard Tower |
| 15:17 | Scout Tower |
| 15:19 | Scout Tower |
| 15:33 | Improved Masonry |
| 16:05 | Scout Tower |
| 16:06 | Guard Tower |
| 16:09 | Scout Tower |
| 16:35 | Guard Tower |
| 16:39 | Scout Tower |
| 16:41 | Scout Tower |
| 16:42 | Guard Tower |
| 17:08 | Scout Tower |
| 17:09 | Guard Tower |
| 18:03 | Scout Tower |
| 18:08 | Scout Tower |
| 18:10 | Guard Tower |
| 18:35 | Arcane Sanctum |
| 18:40 | Gryphon Aviary |
| 18:45 | Blacksmith |
| 19:03 | Scout Tower |
| 19:04 | Guard Tower |
| 20:09 | Scout Tower |
| 20:10 | Guard Tower |
| 20:14 | Scout Tower |
| 20:35 | Scout Tower |
| 20:37 | Guard Tower |
| 20:57 | Advanced Masonry |
| 20:58 | Priest |
| 20:58 | Priest |
| 20:58 | Priest |
| 21:02 | Sundering Blades |
| 21:03 | Animal War Training |
| 22:27 | Storm Hammers |
| 22:27 | Gryphon Rider |
| 22:27 | Gryphon Rider |
| 22:27 | Gryphon Rider |
| 22:28 | Gryphon Rider |
| 23:15 | Blizzard |
| 23:32 | Gryphon Rider |
| 23:32 | Gryphon Rider |
| 23:38 | Scout Tower |
| 23:39 | Guard Tower |
| 23:40 | Guard Tower |
| 24:12 | Farm |
| 24:16 | Farm |
| 24:17 | Guard Tower |
| 24:30 | Farm |
| 24:59 | Farm |
| 25:00 | Farm |
| 25:56 | Imbued Masonry |
| 26:04 | Farm |
| 26:08 | Farm |
| 27:05 | Gryphon Rider |
| 27:05 | Gryphon Rider |
| 31:46 | Gryphon Rider |
| 31:46 | Gryphon Rider |
| 31:46 | Gryphon Rider |
| 31:46 | Gryphon Rider |
| 33:18 | Gryphon Rider |
| 33:18 | Gryphon Rider |
| 37:45 | Gryphon Rider |
| 37:45 | Gryphon Rider |
| 38:39 | Gryphon Rider |
| 38:40 | Gryphon Rider |
| 38:40 | Gryphon Rider |
| 39:37 | Thunder Clap |
| 40:03 | Gryphon Rider |
| 40:03 | Gryphon Rider |
| 40:03 | Gryphon Rider |
| 40:10 | Studded Leather Armor |
| 40:11 | Black Gunpowder |
| 40:41 | Gryphon Rider |
| 40:41 | Gryphon Rider |
| 40:41 | Gryphon Rider |
| 42:54 | Refined Gunpowder |
| 42:54 | Reinforced Leather Armor |
| 42:58 | Iron Forged Swords |
| 42:59 | Dragonhide Armor |
| 45:58 | Steel Forged Swords |
| 47:15 | Storm Bolt |
| Right click | 1074 |
| Select | 518 |
| Select group | 356 |
| Build/train/purchase | 104 |
| Use ability | 53 |
| Assign group | 27 |
| Misc. action | 13 |
| Remove unit | 5 |
| Esc | 1 |
| Minimap ping | 1 |
IcebergSlim
(47:17) : 

| Healing Salve | 1 | 100 |
| Orb of Lightning | 1 | 375 |
| Boots of Speed | 2 | 500 |
| Staff of Teleportation | 2 | 300 |
| Orb of Fire | 1 | 325 |
| Staff of Sanctuary | 2 | 500 |
| total: | 9 | 2100g |
| Peon | 18 | 1350 | / | 0 |
| Troll Batrider | 16 | 2560 | / | 640 |
| Goblin Shredder | 1 | 375 | / | 100 |
| total: | 35 | 4285g | / | 740w |
| Watch Tower | 58 | 6380 | / | 4640 |
| Altar of Storms | 2 | 360 | / | 100 |
| Orc Burrow | 9 | 1440 | / | 360 |
| War Mill | 1 | 205 | / | 0 |
| Voodoo Lounge | 5 | 650 | / | 150 |
| Great Hall | 3 | 1155 | / | 555 |
| Beastiary | 2 | 290 | / | 280 |
| Stronghold | 2 | 630 | / | 380 |
| Fortress | 1 | 325 | / | 190 |
| total: | 80 | 10480g | / | 6085w |
| 0:03 | Peon |
| 0:03 | Peon |
| 0:10 | Altar of Storms |
| 0:20 | Orc Burrow |
| 0:28 | Peon |
| 0:44 | Peon |
| 0:50 | War Mill |
| 0:55 | Peon |
| 1:08 | Voodoo Lounge |
| 1:14 | Peon |
| 1:21 | Peon |
| 1:39 | Orc Burrow |
| 1:47 | Peon |
| 2:08 | Peon |
| 2:13 | Watch Tower |
| 2:17 | Healing Salve |
| 2:20 | Wind Walk |
| 2:23 | Peon |
| 2:37 | Watch Tower |
| 3:17 | Watch Tower |
| 3:23 | Peon |
| 3:23 | Peon |
| 3:26 | Watch Tower |
| 3:42 | Peon |
| 3:51 | Watch Tower |
| 4:05 | Boots of Speed |
| 4:08 | Staff of Teleportation |
| 4:23 | Watch Tower |
| 4:51 | Stronghold |
| 5:05 | Watch Tower |
| 5:28 | Watch Tower |
| 5:35 | Critical Strike |
| 5:53 | Great Hall |
| 6:03 | Spiked Barricades |
| 6:08 | Watch Tower |
| 6:33 | Watch Tower |
| 7:25 | Watch Tower |
| 7:46 | Watch Tower |
| 7:53 | Watch Tower |
| 7:55 | Improved Spiked Barricades |
| 7:55 | Reinforced Defenses |
| 8:39 | Watch Tower |
| 8:46 | Peon |
| 8:46 | Peon |
| 8:46 | Peon |
| 8:46 | Peon |
| 8:51 | Hex |
| 9:00 | Goblin Shredder |
| 9:10 | Watch Tower |
| 9:14 | Wind Walk |
| 9:19 | Fortress |
| 9:49 | Orc Burrow |
| 9:52 | Beastiary |
| 9:53 | Beastiary |
| 9:58 | Watch Tower |
| 10:13 | Watch Tower |
| 11:01 | Troll Batrider |
| 11:03 | Watch Tower |
| 11:21 | Watch Tower |
| 11:55 | Liquid Fire |
| 11:57 | Steel Ranged Weapons |
| 11:57 | Steel Armor |
| 11:58 | Troll Batrider |
| 11:59 | Troll Batrider |
| 12:06 | Watch Tower |
| 12:27 | Watch Tower |
| 13:21 | Watch Tower |
| 13:24 | Watch Tower |
| 13:32 | Voodoo Lounge |
| 13:58 | Watch Tower |
| 14:01 | Troll Batrider |
| 14:02 | Thorium Ranged Weapons |
| 14:11 | Voodoo Lounge |
| 14:26 | Healing Wave |
| 14:36 | Troll Batrider |
| 15:08 | Watch Tower |
| 15:23 | Voodoo Lounge |
| 15:36 | Watch Tower |
| 15:39 | Watch Tower |
| 16:39 | Watch Tower |
| 16:49 | Altar of Storms |
| 16:52 | Watch Tower |
| 17:05 | Watch Tower |
| 17:56 | Arcanite Ranged Weapons |
| 17:59 | Watch Tower |
| 18:02 | Watch Tower |
| 18:04 | Watch Tower |
| 18:07 | Watch Tower |
| 18:09 | Watch Tower |
| 18:20 | Orb of Lightning |
| 18:37 | Boots of Speed |
| 18:38 | Staff of Teleportation |
| 19:22 | Watch Tower |
| 19:23 | Watch Tower |
| 19:25 | Watch Tower |
| 19:29 | Watch Tower |
| 19:31 | Watch Tower |
| 19:33 | Watch Tower |
| 19:36 | Watch Tower |
| 20:57 | Great Hall |
| 21:09 | Watch Tower |
| 21:11 | Watch Tower |
| 21:12 | Watch Tower |
| 21:38 | Great Hall |
| 22:25 | Watch Tower |
| 23:22 | Watch Tower |
| 23:25 | Watch Tower |
| 23:28 | Critical Strike |
| 24:25 | Orc Burrow |
| 24:39 | Watch Tower |
| 24:40 | Watch Tower |
| 25:09 | Voodoo Lounge |
| 25:20 | Watch Tower |
| 25:21 | Watch Tower |
| 25:25 | Watch Tower |
| 26:34 | Watch Tower |
| 27:03 | Watch Tower |
| 27:07 | Watch Tower |
| 27:13 | Watch Tower |
| 28:16 | Watch Tower |
| 28:33 | Orb of Fire |
| 28:34 | Staff of Sanctuary |
| 28:37 | Staff of Sanctuary |
| 31:25 | Healing Wave |
| 38:05 | Wind Walk |
| 42:33 | Peon |
| 42:34 | Stronghold |
| 42:43 | Troll Batrider |
| 42:43 | Troll Batrider |
| 42:44 | Troll Batrider |
| 42:44 | Troll Batrider |
| 42:47 | Orc Burrow |
| 42:49 | Orc Burrow |
| 42:52 | Orc Burrow |
| 42:58 | Orc Burrow |
| 43:14 | Troll Batrider |
| 43:30 | Troll Batrider |
| 43:31 | Troll Batrider |
| 43:55 | Orc Burrow |
| 44:09 | Troll Batrider |
| 45:06 | Troll Batrider |
| 45:07 | Troll Batrider |
| 46:06 | Troll Batrider |
| Right click | 4373 |
| Select | 697 |
| Select group | 560 |
| Build/train/purchase | 126 |
| Use ability | 93 |
| Misc. action | 61 |
| Resource trade | 23 |
| Chat | 16 |
| Assign group | 12 |
| Item give/drop | 8 |
| Minimap ping | 7 |
| Remove unit | 2 |
| Esc | 1 |



| Staff of Sanctuary | 3 | 750 |
| Periapt of Vitality | 4 | 1300 |
| Boots of Speed | 3 | 750 |
| Staff of Teleportation | 4 | 600 |
| Potion of Invisibility | 1 | 100 |
| Circlet of Nobility | 1 | 175 |
| Healing Salve | 2 | 200 |
| Orb of Lightning | 2 | 750 |
| total: | 20 | 4625g |
| Peasant | 25 | 1875 | / | 0 |
| Priest | 2 | 270 | / | 20 |
| Dragonhawk Rider | 5 | 1000 | / | 150 |
| Goblin Shredder | 1 | 375 | / | 100 |
| total: | 33 | 3520g | / | 270w |
| Scout Tower | 166 | 4980 | / | 3320 |
| Arcane Tower | 5 | 350 | / | 250 |
| Guard Tower | 50 | 3500 | / | 2500 |
| Altar of Kings | 1 | 180 | / | 50 |
| Farm | 4 | 320 | / | 80 |
| Lumber Mill | 3 | 360 | / | 0 |
| Town Hall | 2 | 770 | / | 410 |
| Arcane Vault | 5 | 650 | / | 150 |
| Blacksmith | 1 | 140 | / | 60 |
| Barracks | 1 | 160 | / | 60 |
| Arcane Sanctum | 1 | 150 | / | 140 |
| Gryphon Aviary | 1 | 140 | / | 150 |
| Keep | 1 | 320 | / | 210 |
| Castle | 1 | 360 | / | 210 |
| total: | 185 | 7850g | / | 4420w |
| 0:05 | Peasant |
| 0:05 | Peasant |
| 0:07 | Altar of Kings |
| 0:13 | Peasant |
| 0:21 | Farm |
| 0:46 | Lumber Mill |
| 0:48 | Peasant |
| 0:55 | Peasant |
| 1:06 | Peasant |
| 1:11 | Farm |
| 1:15 | Scout Tower |
| 1:19 | Peasant |
| 1:29 | Peasant |
| 1:37 | Peasant |
| 1:37 | Peasant |
| 1:42 | Arcane Tower |
| 1:43 | Scout Tower |
| 1:51 | Peasant |
| 1:52 | Peasant |
| 2:07 | Blizzard |
| 2:12 | Guard Tower |
| 2:14 | Scout Tower |
| 2:23 | Peasant |
| 2:23 | Peasant |
| 2:41 | Guard Tower |
| 2:42 | Scout Tower |
| 3:34 | Brilliance Aura |
| 3:50 | Town Hall |
| 3:55 | Guard Tower |
| 3:56 | Scout Tower |
| 4:04 | Farm |
| 4:07 | Arcane Vault |
| 4:12 | Healing Salve |
| 4:26 | Guard Tower |
| 4:53 | Scout Tower |
| 5:04 | Keep |
| 5:06 | Peasant |
| 5:06 | Peasant |
| 5:07 | Peasant |
| 5:09 | Improved Masonry |
| 5:47 | Guard Tower |
| 5:48 | Scout Tower |
| 5:49 | Scout Tower |
| 5:51 | Peasant |
| 5:51 | Peasant |
| 6:08 | Scout Tower |
| 6:08 | Scout Tower |
| 6:10 | Scout Tower |
| 6:16 | Peasant |
| 6:17 | Peasant |
| 6:36 | Arcane Tower |
| 6:46 | Guard Tower |
| 6:49 | Scout Tower |
| 6:58 | Periapt of Vitality |
| 6:59 | Boots of Speed |
| 6:59 | Staff of Teleportation |
| 7:22 | Healing Salve |
| 7:27 | Guard Tower |
| 7:30 | Castle |
| 7:37 | Scout Tower |
| 7:38 | Scout Tower |
| 7:40 | Scout Tower |
| 7:50 | Arcane Tower |
| 7:56 | Improved Lumber Harvesting |
| 8:00 | Arcane Sanctum |
| 8:26 | Storm Bolt |
| 8:26 | Blizzard |
| 9:02 | Guard Tower |
| 9:03 | Scout Tower |
| 9:03 | Scout Tower |
| 9:04 | Scout Tower |
| 9:05 | Scout Tower |
| 9:07 | Advanced Masonry |
| 9:10 | Scout Tower |
| 9:10 | Scout Tower |
| 9:12 | Scout Tower |
| 9:13 | Scout Tower |
| 9:15 | Scout Tower |
| 9:16 | Magic Sentry |
| 9:17 | Priest Adept Training |
| 9:17 | Priest |
| 9:40 | Arcane Vault |
| 9:41 | Arcane Vault |
| 9:41 | Arcane Vault |
| 9:42 | Arcane Vault |
| 9:58 | Guard Tower |
| 10:18 | Lumber Mill |
| 10:25 | Goblin Shredder |
| 10:48 | Farm |
| 10:58 | Guard Tower |
| 11:03 | Bash |
| 11:18 | Town Hall |
| 11:39 | Potion of Invisibility |
| 11:41 | Staff of Teleportation |
| 11:44 | Staff of Teleportation |
| 11:44 | Boots of Speed |
| 11:49 | Periapt of Vitality |
| 11:55 | Scout Tower |
| 11:55 | Scout Tower |
| 11:56 | Scout Tower |
| 11:57 | Scout Tower |
| 12:02 | Scout Tower |
| 12:04 | Scout Tower |
| 12:05 | Scout Tower |
| 12:06 | Scout Tower |
| 12:07 | Scout Tower |
| 12:08 | Scout Tower |
| 12:29 | Staff of Sanctuary |
| 12:31 | Staff of Sanctuary |
| 12:41 | Staff of Sanctuary |
| 12:43 | Holy Light |
| 12:46 | Guard Tower |
| 12:49 | Priest Master Training |
| 12:52 | Guard Tower |
| 12:53 | Scout Tower |
| 12:54 | Scout Tower |
| 12:55 | Scout Tower |
| 12:56 | Scout Tower |
| 12:58 | Scout Tower |
| 12:58 | Scout Tower |
| 12:59 | Scout Tower |
| 13:01 | Scout Tower |
| 13:03 | Scout Tower |
| 13:03 | Scout Tower |
| 13:12 | Scout Tower |
| 13:13 | Scout Tower |
| 13:13 | Scout Tower |
| 13:14 | Scout Tower |
| 13:14 | Scout Tower |
| 13:15 | Scout Tower |
| 13:25 | Imbued Masonry |
| 13:26 | Advanced Lumber Harvesting |
| 13:28 | Scout Tower |
| 13:29 | Scout Tower |
| 13:30 | Scout Tower |
| 13:30 | Scout Tower |
| 13:31 | Scout Tower |
| 13:32 | Scout Tower |
| 13:32 | Scout Tower |
| 13:33 | Scout Tower |
| 13:41 | Guard Tower |
| 14:11 | Guard Tower |
| 14:36 | Guard Tower |
| 14:39 | Peasant |
| 14:39 | Peasant |
| 14:39 | Peasant |
| 14:40 | Peasant |
| 14:43 | Guard Tower |
| 14:53 | Scout Tower |
| 14:54 | Scout Tower |
| 15:00 | Guard Tower |
| 15:18 | Guard Tower |
| 15:22 | Scout Tower |
| 15:22 | Scout Tower |
| 15:23 | Scout Tower |
| 15:36 | Guard Tower |
| 15:39 | Scout Tower |
| 15:39 | Scout Tower |
| 15:40 | Scout Tower |
| 15:43 | Scout Tower |
| 15:44 | Scout Tower |
| 15:44 | Scout Tower |
| 15:47 | Orb of Lightning |
| 15:49 | Staff of Teleportation |
| 15:49 | Boots of Speed |
| 15:51 | Periapt of Vitality |
| 15:56 | Guard Tower |
| 15:58 | Scout Tower |
| 15:59 | Scout Tower |
| 15:59 | Scout Tower |
| 16:08 | Orb of Lightning |
| 16:10 | Guard Tower |
| 16:12 | Guard Tower |
| 16:20 | Priest |
| 17:16 | Scout Tower |
| 17:17 | Scout Tower |
| 17:24 | Scout Tower |
| 17:24 | Scout Tower |
| 17:25 | Scout Tower |
| 17:26 | Scout Tower |
| 17:28 | Guard Tower |
| 17:33 | Guard Tower |
| 17:42 | Scout Tower |
| 17:43 | Scout Tower |
| 17:43 | Scout Tower |
| 17:44 | Scout Tower |
| 17:47 | Scout Tower |
| 17:53 | Scout Tower |
| 17:54 | Scout Tower |
| 17:54 | Scout Tower |
| 18:00 | Guard Tower |
| 18:15 | Lumber Mill |
| 18:27 | Scout Tower |
| 18:28 | Scout Tower |
| 18:28 | Scout Tower |
| 18:29 | Scout Tower |
| 18:54 | Guard Tower |
| 18:57 | Scout Tower |
| 18:58 | Scout Tower |
| 19:26 | Guard Tower |
| 19:29 | Scout Tower |
| 19:29 | Scout Tower |
| 19:30 | Scout Tower |
| 19:30 | Scout Tower |
| 19:31 | Scout Tower |
| 19:31 | Scout Tower |
| 19:32 | Scout Tower |
| 19:32 | Scout Tower |
| 19:55 | Arcane Tower |
| 19:56 | Guard Tower |
| 20:01 | Scout Tower |
| 20:02 | Scout Tower |
| 20:02 | Scout Tower |
| 20:03 | Scout Tower |
| 20:09 | Guard Tower |
| 20:12 | Arcane Tower |
| 20:18 | Scout Tower |
| 20:18 | Scout Tower |
| 20:19 | Scout Tower |
| 20:19 | Scout Tower |
| 20:20 | Scout Tower |
| 20:24 | Scout Tower |
| 20:25 | Scout Tower |
| 20:25 | Scout Tower |
| 20:26 | Scout Tower |
| 20:26 | Scout Tower |
| 20:27 | Scout Tower |
| 20:49 | Scout Tower |
| 20:49 | Scout Tower |
| 20:50 | Scout Tower |
| 20:51 | Scout Tower |
| 20:55 | Guard Tower |
| 21:09 | Guard Tower |
| 21:31 | Guard Tower |
| 21:52 | Guard Tower |
| 22:31 | Guard Tower |
| 22:33 | Scout Tower |
| 22:34 | Scout Tower |
| 22:35 | Scout Tower |
| 22:35 | Scout Tower |
| 22:36 | Scout Tower |
| 22:36 | Scout Tower |
| 22:39 | Scout Tower |
| 22:40 | Scout Tower |
| 22:40 | Scout Tower |
| 22:41 | Scout Tower |
| 22:45 | Scout Tower |
| 22:46 | Scout Tower |
| 22:46 | Scout Tower |
| 22:47 | Scout Tower |
| 22:51 | Scout Tower |
| 22:52 | Scout Tower |
| 22:53 | Scout Tower |
| 22:53 | Scout Tower |
| 22:57 | Scout Tower |
| 22:57 | Scout Tower |
| 22:58 | Scout Tower |
| 22:58 | Scout Tower |
| 22:59 | Scout Tower |
| 23:25 | Guard Tower |
| 23:44 | Guard Tower |
| 23:45 | Scout Tower |
| 23:46 | Scout Tower |
| 23:47 | Scout Tower |
| 23:47 | Scout Tower |
| 23:47 | Scout Tower |
| 24:17 | Guard Tower |
| 24:24 | Guard Tower |
| 24:28 | Guard Tower |
| 24:44 | Guard Tower |
| 25:02 | Guard Tower |
| 25:11 | Periapt of Vitality |
| 26:05 | Brilliance Aura |
| 26:31 | Guard Tower |
| 26:38 | Guard Tower |
| 27:37 | Guard Tower |
| 28:37 | Blacksmith |
| 28:39 | Gryphon Aviary |
| 28:40 | Barracks |
| 29:35 | Divine Shield |
| 31:02 | Storm Bolt |
| 34:07 | Cloud |
| 34:08 | Animal War Training |
| 34:10 | Studded Leather Armor |
| 34:15 | Scout Tower |
| 34:16 | Scout Tower |
| 34:17 | Scout Tower |
| 34:17 | Scout Tower |
| 34:18 | Scout Tower |
| 34:18 | Scout Tower |
| 34:19 | Scout Tower |
| 34:19 | Scout Tower |
| 34:20 | Scout Tower |
| 34:20 | Scout Tower |
| 35:31 | Guard Tower |
| 35:35 | Dragonhawk Rider |
| 35:35 | Dragonhawk Rider |
| 35:36 | Dragonhawk Rider |
| 35:38 | Reinforced Leather Armor |
| 36:51 | Guard Tower |
| 36:58 | Dragonhawk Rider |
| 36:59 | Dragonhawk Rider |
| 37:08 | Dragonhide Armor |
| 37:14 | Guard Tower |
| 38:08 | Blizzard |
| 38:31 | Holy Light |
| 38:56 | Scout Tower |
| 38:57 | Scout Tower |
| 38:58 | Scout Tower |
| 38:59 | Scout Tower |
| 39:01 | Scout Tower |
| 39:01 | Scout Tower |
| 39:03 | Scout Tower |
| 39:03 | Scout Tower |
| 39:04 | Scout Tower |
| 39:40 | Bash |
| 39:54 | Guard Tower |
| 40:20 | Guard Tower |
| 41:03 | Iron Forged Swords |
| 44:00 | Guard Tower |
| 44:27 | Circlet of Nobility |
| Right click | 3314 |
| Select group | 2638 |
| Select | 481 |
| Use ability | 234 |
| Build/train/purchase | 185 |
| Chat | 98 |
| Misc. action | 81 |
| Minimap ping | 52 |
| Assign group | 20 |
| Item give/drop | 11 |
| Esc | 1 |
⇛